 Dungeon Crawl Stone Soup version 0.17-a0-1393-gcb420ff (webtiles) character file.

126 Umineko the Stinger (level 5, -4/28 HPs)
             Began as a Gargoyle Venom Mage on June 16, 2015.
             Killed from afar by an orc wizard (7 damage)
             ... with a magic dart
             ... on level 4 of the Dungeon.
             The game lasted 00:16:37 (3356 turns).

Umineko the Stinger (Gargoyle Venom Mage)           Turns: 3356, Time: 00:16:37

Health: -4/28      AC: 13    Str: 11    XL:     5   Next: 9%
Magic:  1/9        EV: 11    Int: 17    God:
Gold:   112        SH:  0    Dex: 10    Spells: 2 memorised, 5 levels left

rFire  . . .     SeeInvis .     i - +1 hand axe (venom)
rCold  . . .     Clarity  .     o - +2 ring mail {rPois}
rNeg   + . .     SustAt   .     (no shield)
rPois  ∞         Gourm    .     (no helmet)
rElec  +         Spirit   .     (no cloak)
rCorr  .         Warding  .     r - +0 pair of gloves
rMut   .         Stasis   .     e - +0 pair of boots (curse)
MR     .....                    (no amulet)
Stlth  ..........               (no ring)
                                (no ring)

@: confused, very slightly contaminated, not resistant to hostile enchantments,
extremely unstealthy
A: negative energy resistance 1, electricity resistance, unbreathing,
petrification resistance, rot immunity, AC +4
a: no special abilities


You were on level 4 of the Dungeon.
You were not hungry.

You visited 1 branch of the dungeon, and saw 4 of its levels.

You collected 112 gold pieces.

Inventory:

Hand weapons
 i - a +1 hand axe of venom (weapon)
 j - a +2 mace of crushing
Armour
 a - a +0 robe
 e - a cursed +0 pair of boots (worn)
 f - a +0 chain mail
 g - a +0 ring mail
 o - a +2 ring mail of poison resistance (worn)
 r - a +0 pair of gloves (worn)
Jewellery
 l - a cursed -3 ring of evasion {unknown}
 q - an uncursed ring of poison resistance {unknown}
Scrolls
 d - 2 scrolls of identify {unknown}
 h - a scroll of teleportation {unknown}
 k - 2 scrolls of remove curse {unknown}
 s - a scroll of fear {unknown}
 u - a scroll of recharging {unknown}
Potions
 m - a potion of agility {unknown}
 n - a potion of curing
 p - 2 potions of heal wounds {unknown}
 v - a potion of haste {unknown}
Books
 b - a Young Poisoner's Handbook

   Spells                             Type                      Level
   a - Sting                          Conjuration/Poison           1
   b - Cure Poison                    Poison                       2
   c - Mephitic Cloud                 Conjuration/Poison/Air       3
   d - Olgreb's Toxic Radiance        Poison                       4
   e - Venom Bolt                     Conjuration/Poison           5
Comestibles
 c - a bread ration
 t - a beef jerky


   Skills:
 + Level 0.4 Fighting
 + Level 1.0 Axes
 * Level 0.7 Armour
 * Level 2.7 Dodging
 - Level 2.2 Stealth
 * Level 2.6 Spellcasting
 + Level 0.4 Conjurations
 + Level 0.1 Air Magic
 * Level 4.6 Poison Magic


You had 5 spell levels left.
You knew the following spells:

 Your Spells              Type           Power        Failure   Level  Hunger
a - Sting                 Conj/Pois      ##..         17%         1    #......
b - Mephitic Cloud        Conj/Pois/Air  #.......     77%         3    ###....


Dungeon Overview and Level Annotations

Branches:
Dungeon (4/15)
 Temple: D:4-7

Altars:
Ashenzari
Okawaru


Innate Abilities, Weirdness & Mutations

You are resistant to torment.
Your stone body is resilient (AC +4).
You are immune to poison.
You resist negative energy.
You are resistant to electric shocks.
You can survive without breathing.
You are immune to petrification.
You are immune to rotting.


Message History

You kill the orc!
The quokka bites you but does no damage.
Unknown command.
You barely miss the orc wizard.
The orc wizard is severely wounded.
You barely miss the quokka.
The quokka bites you but does no damage.
The orc wizard casts a spell at you.
You are confused.
The quokka bites you but does no damage.
You hit the orc wizard but do no damage.
The orc wizard looks even sicker.
The orc wizard is almost dead.
You closely miss the orc priest. You miss the quokka.
The orc priest hits you but does no damage.
The orc wizard hits you but does no damage.
The quokka barely misses you. The orc priest misses you.
The orc wizard points at you and mumbles some strange words.
The magic dart hits you!
You die...

#.##
#####...#
#.......#
#.......)
#..?....#
#........
####))...$.#
##(<..)......
#....@o...>..
##.##ro..#.#.
###.....#
#..l...#
#.......#
#.......#
#.......#
##...(..#
........


You could see an orc priest, an orc wizard, a giant gecko and a quokka.

Vanquished Creatures
  An orc priest (D:4)
  4 adders
  A worm (D:2)
  5 orcs (D:4)
  3 giant cockroaches
  3 goblins
  6 hobgoblins
  4 jackals (D:1)
  8 kobolds
  A quokka (D:3)
  6 bats
  3 giant geckos (D:1)
  4 giant newts
  10 rats
59 creatures vanquished.

Notes
Turn   | Place    | Note
--------------------------------------------------------------
     0 | D:1      | Umineko the Gargoyle Venom Mage began the quest for the Orb.
     0 | D:1      | Reached XP level 1. HP: 10/10 MP: 3/3
   481 | D:1      | Reached XP level 2. HP: 9/15 MP: 3/5
  1187 | D:1      | Reached XP level 3. HP: 6/20 MP: 3/6
  2335 | D:2      | Found an iron altar of Okawaru.
  2368 | D:2      | Reached XP level 4. HP: 18/24 MP: 4/7
  2399 | D:2      | Learned a level 3 spell: Mephitic Cloud
  2490 | D:2      | Found a shattered altar of Ashenzari.
  3344 | D:4      | Reached skill level 1 in Axes
  3344 | D:4      | Reached XP level 5. HP: 19/28 MP: 3/9
  3356 | D:4      | Killed from afar by an orc wizard

Vault maps used:
D:1:      matt_arrival_grand_opening, serial_bayou, serial_bayou_pond_b,
          serial_bayou_lagoon_a, serial_bayou_pond_c, serial_bayou_ford_a,
          grunt_decor_arrowhead
D:2:      old_standard_altar, evilmike_ruin_ashenzari
D:3:      kennysheep_generic_room_2
D:4:      lemuel_round_altar, first_bread, uniq_eustachio

Action                   |  1- 3 |  4- 6 || total
-------------------------+-------+-------++-------
Melee: Unarmed           |    36 |       ||    36
       Club              |     3 |       ||     3
       Hand axe          |    75 |    61 ||   136
 Cast: Sting             |    37 |     6 ||    43
       Mephitic Cloud    |       |     2 ||     2
 Stab: Distracted        |       |     1 ||     1
  Eat: Bread ration      |     1 |       ||     1
       Meat ration       |       |     1 ||     1
       Pizza             |       |     1 ||     1
